Map: Dusk Towers

Players

MajeStic

  • Race: Protoss Protoss
  • League: Grandmaster

LiquidTLO (TLO) - Winner!

  • Race: Zerg Zerg
  • League: Grandmaster

Event: DreamHack ROCCAT LotV Championship

VOD

Have the link to the VOD?

Description

Time

  • Played on: Nov. 26, 2015, 11:37 a.m.
  • Length: 12:10

All games in this series

Show
View Real Time Build Order
Export as new Build Order

MajeStic Protoss 

Build Orders: Nexus First 

Get SALT Encoding   

  12  0:00  Probe (Chrono Boost)  
  13  0:11  Probe (Chrono Boost)  
  14  0:18  Pylon  
  14  0:22  Probe (Chrono Boost)  
  15  0:36  Probe (Chrono Boost)  
  16  0:46  Probe (Chrono Boost)  
  17  0:57  Nexus  
  17  1:07  Gateway  
  17  1:10  Probe (Chrono Boost)  
  18  1:16  Assimilator  
  18  1:20  Probe (Chrono Boost)  
  18  1:23  Assimilator  
  19  1:31  Probe (Chrono Boost)  
  20  1:36  Gateway  
  20  1:42  Probe (Chrono Boost)  
  21  1:52  Probe (Chrono Boost)  
  22  1:55  Cybernetics Core  
  22  2:03  Probe (Chrono Boost)  
  22  2:05  Pylon  
  23  2:11  Probe (Chrono Boost)  
  23  2:14  Probe (Chrono Boost)  
  25  2:22  Probe (Chrono Boost)  
  26  2:24  Probe (Chrono Boost)  
  27  2:31  Stalker (Chrono Boost)  
  27  2:32  Stalker (Chrono Boost), Probe (Chrono Boost)  
  32  2:38  Mothership Core (Chrono Boost)  
  32  2:43  Warp Gate  
  34  2:44  Probe  
  35  2:54  Pylon  
  35  2:56  Probe (Chrono Boost)  
  36  2:59  Probe (Chrono Boost)  
  37  3:05  Pylon  
  37  3:07  Probe (Chrono Boost)  
  41  3:13  Sentry, Probe (Chrono Boost)  
  41  3:17  Probe (Chrono Boost)  
  42  3:23  Probe (Chrono Boost)  
  42  3:24  Stargate  
  43  3:27  Assimilator  
  43  3:28  Probe (Chrono Boost)  
  43  3:34  Probe (Chrono Boost)  
  45  3:38  Probe (Chrono Boost)  
  46  3:44  Probe (Chrono Boost)  
  47  3:49  Probe (Chrono Boost)  
  47  3:50  Nexus  
  47  3:55  Probe (Chrono Boost)  
  49  3:59  Probe (Chrono Boost)  
  49  4:00  Pylon  
  49  4:02  Assimilator  
  50  4:05  Probe (Chrono Boost)  
  50  4:07  Oracle (Chrono Boost)  
  54  4:14  Robotics Facility  
  54  4:16  Probe  
  54  4:18  Probe  
  54  4:21  Forge  
  56  4:25  Pylon  
  56  4:27  Probe  
  57  4:32  Probe  
  57  4:37  Gateway, Probe  
  58  4:44  Probe  
  58  4:45  Void Ray (Chrono Boost)  
  64  4:48  Probe  
  65  4:52  Protoss Ground Weapons Level 1  
  65  4:55  Gateway  
  65  4:56  Probe, Pylon  
  65  4:57  Sentry  
  65  4:58  Sentry  
  70  5:02  Probe  
  70  5:04  Probe  
  72  5:09  Probe  
  72  5:13  Probe  
  73  5:14  Probe  
  73  5:18  Observer (Chrono Boost)  
  73  5:21  Probe  
  77  5:25  Stalker x2  
  77  5:28  Probe  
  81  5:29  Probe, Pylon  
  81  5:33  Twilight Council  
  83  5:38  Probe  
  83  5:40  Immortal (Chrono Boost)  
  88  5:46  Probe  
  88  5:48  Pylon  
  89  5:52  Probe x2  
  89  5:55  Assimilator  
  89  5:56  Probe  
  91  5:58  Assimilator  
  91  5:59  Stalker x3, Pylon  
  98  6:08  Pylon  
  98  6:11  Probe x2  
  100  6:15  Blink (Chrono Boost)  
  100  6:23  Stalker x4  
  108  6:28  Warp Prism  
  108  6:31  Gateway  
  108  6:32  Gateway  
  110  6:38  Gateway  
  110  6:46  Gateway  
  110  6:53  Stalker x4  
  118  6:59  Pylon  
  117  7:20  Photon Cannon  
  117  7:23  Photon Cannon x2  
  117  7:29  Pylon  
  117  7:31  Stalker  
  117  7:32  Stalker x3  
  118  7:45  Stalker  
  118  7:46  Stalker x2  
  118  7:49  Warp Prism  
  125  7:56  Stalker x2  
  125  7:57  Stalker x3  
  116  8:25  Stalker, Immortal  
  116  8:26  Stalker x6  
  104  8:38  Protoss Ground Weapons Level 2  
  98  8:45  Mothership Core  
  98  8:46  Nexus  
  100  8:48  Pylon  
  100  8:50  Sentry  
  100  8:51  Adept x6  
  100  8:52  Adept  
  100  8:55  Resonating Glaives (Chrono Boost)  
  116  9:13  Adept x3  
  116  9:14  Adept x4  
  130  9:23  Immortal  
  124  9:31  Nexus  
  124  9:35  Adept x5  
  124  9:36  Adept  
  112  9:43  Adept x2, Zealot x3  
  112  9:44  Zealot x2  
  90  10:01  Stalker  
  90  10:04  Stalker x2  
  90  10:05  Stalker  
  102  10:11  Templar Archives, Sentry, Stalker  
  102  10:12  Stalker x2  
  93  10:26  Nexus  
  93  10:27  Mothership Core  
  94  10:29  Pylon  
  94  10:34  Sentry  
  94  10:35  Stalker x2  
  100  10:36  Immortal  
  103  10:51  High Templar x2  
  103  10:52  Adept, High Templar x2  
  103  10:56  Archon x2  
  113  11:02  Adept  
  113  11:03  Adept x2  
  119  11:07  Nexus  
  119  11:10  Pylon  
  119  11:16  Immortal  
  119  11:17  Pylon  
  123  11:22  High Templar  
  123  11:23  High Templar x3  
  123  11:24  Adept  
  133  11:28  Pylon, Archon  
  133  11:29  Archon  
  133  11:30  Pylon  
  133  11:32  Pylon  
  133  11:34  Pylon  
  133  11:38  Stalker  
  133  11:39  Stalker  
  101  11:45  Stalker x2  
  82  11:59  Adept x3  
  82  12:00  Stalker  
Show
View Real Time Build Order
Export as new Build Order

LiquidTLO Zerg - Winner!

Build Orders: Hatch First 

Get SALT Encoding   

  12  0:01  Drone  
  13  0:12  Overlord  
  13  0:17  Drone  
  14  0:31  Drone x2  
  16  0:48  Hatchery  
  15  0:51  Drone  
  15  0:55  Drone  
  17  1:09  Spawning Pool  
  16  1:11  Drone  
  16  1:14  Drone  
  18  1:35  Hatchery  
  18  1:38  Drone  
  18  1:40  Drone  
  18  1:43  Drone  
  20  1:57  Queen  
  22  2:02  Queen  
  22  2:05  Zergling x2  
  25  2:09  Zergling x2  
  25  2:13  Overlord  
  26  2:16  Drone  
  26  2:21  Drone  
  28  2:31  Drone x2  
  28  2:34  Queen  
  32  2:39  Queen  
  32  2:42  Drone  
  35  2:44  Drone  
  35  2:51  Queen  
  36  2:56  Overlord  
  36  2:58  Drone  
  39  3:00  Drone  
  39  3:05  Drone, Extractor  
  40  3:06  Extractor  
  40  3:08  Drone x2  
  40  3:13  Drone  
  40  3:15  Drone x2  
  40  3:19  Drone  
  44  3:20  Drone  
  44  3:22  Drone  
  44  3:23  Drone  
  47  3:28  Spine Crawler  
  47  3:33  Drone x2  
  47  3:35  Zergling x2  
  47  3:38  Drone  
  49  3:41  Overlord  
  49  3:42  Overlord  
  49  3:47  Evolution Chamber  
  48  3:50  Drone  
  48  3:53  Overlord  
  49  3:56  Overlord  
  49  3:57  Metabolic Boost  
  49  3:59  Drone  
  49  4:01  Drone  
  51  4:06  Drone x2, Spore Crawler  
  52  4:10  Drone  
  52  4:13  Zerg Melee Weapons Level 1  
  52  4:14  Drone  
  52  4:15  Drone  
  55  4:17  Drone  
  55  4:18  Drone  
  55  4:21  Drone x2  
  59  4:24  Drone  
  59  4:26  Drone x2  
  59  4:27  Drone  
  59  4:29  Drone  
  64  4:34  Lair  
  64  4:37  Spore Crawler  
  64  4:38  Spore Crawler  
  62  4:40  Drone  
  62  4:41  Drone  
  62  4:43  Drone, Extractor  
  62  4:45  Drone, Extractor  
  64  4:48  Extractor  
  64  4:49  Drone x2, Extractor  
  64  4:50  Drone  
  64  4:52  Drone  
  66  4:53  Drone  
  66  4:54  Drone  
  66  4:57  Drone  
  70  5:00  Drone  
  70  5:01  Drone  
  70  5:02  Drone  
  70  5:03  Overlord  
  70  5:05  Drone  
  73  5:09  Drone x2, Overlord  
  73  5:10  Drone  
  73  5:12  Drone  
  73  5:13  Drone  
  77  5:14  Drone  
  78  5:25  Drone  
  79  5:29  Hatchery  
  79  5:33  Drone  
  79  5:34  Evolution Chamber, Spire  
  77  5:35  Overlord  
  77  5:43  Overlord x2  
  77  5:45  Overlord  
  77  5:46  Drone  
  77  5:47  Drone  
  77  5:48  Overlord  
  77  5:49  Overlord  
  79  5:56  Drone  
  80  5:57  Infestation Pit  
  80  5:59  Overlord  
  80  6:00  Drone  
  80  6:09  Zerg Ground Armor Level 1, Zerg Melee Weapons Level 2  
  80  6:11  Drone  
  80  6:15  Zergling x2  
  82  6:25  Drone  
  82  6:27  Drone  
  82  6:31  Zergling x2  
  84  6:41  Drone  
  84  6:46  Mutalisk x3, Extractor  
  84  6:47  Mutalisk x7  
  86  6:49  Zergling x4  
  86  6:50  Zergling x8  
  86  6:52  Overlord  
  110  6:56  Zergling x2  
  110  6:57  Mutalisk  
  110  6:58  Overlord  
  110  6:59  Zergling x4  
  110  7:00  Mutalisk  
  117  7:03  Zergling x2  
  117  7:04  Zergling x2  
  117  7:05  Zergling x2  
  117  7:07  Zergling x4  
  121  7:09  Hive  
  121  7:10  Zergling x2  
  121  7:12  Zergling x2  
  121  7:14  Zerg Flyer Weapons Level 1  
  121  7:15  Zergling x6  
  126  7:17  Zergling x2  
  126  7:20  Overlord, Zergling x2  
  128  7:23  Zergling x2  
  128  7:24  Zergling x2  
  128  7:26  Mutalisk  
  128  7:29  Mutalisk x2  
  132  7:35  Mutalisk  
  133  7:44  Mutalisk, Zergling x22  
  133  7:53  Queen  
  133  7:55  Zergling x4  
  133  7:57  Zergling x2  
  138  8:00  Pathogen Glands  
  138  8:01  Zergling x2  
  138  8:03  Zergling x2  
  138  8:04  Zergling x6  
  138  8:05  Zergling x4  
  137  8:06  Zergling x2  
  137  8:07  Zergling x2  
  137  8:08  Zergling x4  
  124  8:20  Zergling x4  
  124  8:21  Zergling x10  
  124  8:23  Adrenal Glands  
  124  8:24  Zerg Ground Armor Level 2  
  124  8:25  Zergling x4  
  124  8:26  Zergling x2  
  122  8:28  Zergling x2  
  122  8:29  Zergling x2  
  122  8:31  Zergling x2  
  122  8:32  Zergling x2  
  122  8:33  Ultralisk Cavern, Zergling x4  
  116  8:39  Zergling x2  
  116  8:40  Zergling x2  
  116  8:41  Zergling x2  
  116  8:43  Zerg Melee Weapons Level 3  
  116  8:45  Drone  
  117  8:50  Infestor  
  117  8:53  Zergling x2  
  117  8:54  Zergling x12  
  126  8:58  Zergling x2  
  126  9:00  Mutalisk  
  126  9:01  Mutalisk x2  
  133  9:03  Zergling x2  
  133  9:06  Zergling x2  
  133  9:07  Zergling x2  
  134  9:11  Zergling x2  
  134  9:13  Zergling x2  
  134  9:15  Mutalisk  
  134  9:16  Mutalisk  
  139  9:18  Zergling x6  
  139  9:19  Zergling x2  
  139  9:22  Chitinous Plating  
  138  9:25  Zergling x6  
  138  9:26  Zergling x2  
  138  9:27  Zergling x2  
  138  9:29  Zergling x2  
  138  9:30  Zergling x4  
  138  9:31  Zergling x2  
  124  9:35  Zergling x4  
  124  9:36  Zergling x2  
  109  9:42  Zergling x2  
  109  9:46  Ultralisk  
  109  9:47  Queen  
  109  9:49  Ultralisk  
  123  9:54  Ultralisk  
  127  10:06  Ultralisk, Zergling x2  
  127  10:07  Zergling x16  
  139  10:09  Zergling x4  
  139  10:10  Zergling x2  
  139  10:13  Zergling x2  
  140  10:15  Zergling x4  
  140  10:17  Infestor  
  140  10:18  Zergling x2  
  140  10:19  Zergling x2  
  143  10:23  Drone x3  
  143  10:25  Extractor  
  145  10:29  Zergling x2  
  145  10:30  Spore Crawler, Zergling x4  
  145  10:33  Overlord  
  145  10:35  Ultralisk, Overlord  
  153  10:37  Zergling x2  
  153  10:38  Zergling x2  
  155  10:44  Viper  
  155  10:46  Zergling x2  
  159  10:53  Infestor  
  159  10:56  Drone  
  160  11:06  Zergling x2  
  160  11:08  Hatchery  
  160  11:10  Zergling x4  
  162  11:12  Hydralisk Den  
  162  11:14  Spine Crawler, Zergling x4  
  162  11:15  Zergling x2  
  163  11:21  Zergling x12  
  165  11:26  Zergling x4  
  165  11:28  Zergling x2  
  165  11:29  Zergling x2  
  163  11:32  Zergling x2  
  163  11:34  Zergling x2  
  163  11:35  Zergling x2  
  157  11:45  Zergling x2  
  157  11:46  Zergling x2  
  149  11:47  Zergling x4  
  149  11:51  Zergling x4  
  149  11:52  Zergling x2  
  149  11:53  Zergling x2  
  155  12:09  Spire  

Tags
 
Add a new tag
Caveats
  • Supply blocks, unpowered buildings, or Contaminate may cause inaccurate times.
  • Supply counts are checked every 10 seconds.